TOP OF THE 1ST |
West Palm Reds batting - Pitching for Gainesville Guidos : RHP Ronald Adams
|
Pitching: RHP Ronald Adams
|
|
Batting: SHB Francis Shaffer
|
0-0: Called Strike 0-1: Foul Ball, location: 2F 0-2: Ball 1-2: Ball 2-2: Ground out 2-3 (Groundball, 23)
|
Batting: RHB Juan Vareas
|
0-0: Foul Ball, location: 2F 0-1: Ball 1-1: Called Strike 1-2: Foul Ball, location: 2F 1-2: Foul Ball, location: 2F 1-2: Strikes out swinging
|
Batting: LHB Enrique Cortéz
|
0-0: Fly out, F7 (Flyball, 7D)
|
Top of the 1st over - 0 run(s), 0 hit(s), 0 error(s), 0 left on base; West Palm 0 - Gainesville 0 |
BOTTOM OF THE 1ST |
Gainesville Guidos batting - Pitching for West Palm Reds : RHP Andy Hickey
|
Pitching: RHP Andy Hickey
|
|
Batting: RHB Adrian Prouse
|
0-0: Called Strike 0-1: Ball 1-1: Foul Ball, location: 2F 1-2: Foul Ball, location: 2F 1-2: Ground out 6-3 (Groundball, 6M)
|
Batting: LHB António Hernández
|
0-0: Called Strike 0-1: Ground out U3 (Groundball, 3)
|
Batting: LHB Sergio Barrón
|
0-0: Swinging Strike 0-1: Foul Ball, location: 2F 0-2: Ball 1-2: Ground out 4-3 (Groundball, 4)
|
Bottom of the 1st over - 0 run(s), 0 hit(s), 0 error(s), 0 left on base; West Palm 0 - Gainesville 0 |
TOP OF THE 2ND |
West Palm Reds batting - Pitching for Gainesville Guidos : RHP Ronald Adams
|
Batting: LHB Jeff McKinney
|
0-0: Ball 1-0: Ground out U3 (Groundball, 3)
|
Batting: SHB Todd Smith
|
0-0: Ball 1-0: Ball 2-0: Ground out 6-3 (Groundball, 6)
|
Batting: RHB Jack Ray
|
0-0: Called Strike 0-1: Ball 1-1: Ball 2-1: DOUBLE (Groundball, 3L)
|
Batting: LHB Jeff Doss
|
0-0: Ball 1-0: Ball 2-0: Hit by Pitch
|
Batting: LHB Bill Smith
|
0-0: Ball 1-0: Ball 2-0: Ball 3-0: Called Strike 3-1: Foul Ball, location: 2F 3-2: Strikes out looking
|
Top of the 2nd over - 0 run(s), 1 hit(s), 0 error(s), 2 left on base; West Palm 0 - Gainesville 0 |
BOTTOM OF THE 2ND |
Gainesville Guidos batting - Pitching for West Palm Reds : RHP Andy Hickey
|
Batting: RHB José Fernández
|
0-0: Ball 1-0: Ball 2-0: Ball 3-0: Base on Balls
|
Batting: LHB Ed Hart
|
0-0: Fly out, F8 (Flyball, 8LS)
|
Batting: RHB Noriyori Ine
|
0-0: Ball Wild Pitch! José Fernández to second 1-0: 2-RUN HOME RUN (Flyball, 89XD), Distance : 393 ft
|
Batting: RHB Satoru Daikawa
|
0-0: Ball 1-0: Ball 2-0: Ball 3-0: Called Strike 3-1: Base on Balls
|
Batting: RHB Jason Saunders
|
0-0: Called Strike 0-1: Ball 1-1: Ball 2-1: Ball 3-1: Called Strike 3-2: Fielders Choice at 2nd, 1-6 (Groundball, 23)
|
Batting: LHB Mark Owens
|
0-0: Ball Jason Saunders is caught stealing 2nd base
|
Bottom of the 2nd over - 2 run(s), 1 hit(s), 0 error(s), 0 left on base; West Palm 0 - Gainesville 2 |
TOP OF THE 3RD |
West Palm Reds batting - Pitching for Gainesville Guidos : RHP Ronald Adams
|
Batting: SHB Alex Hayes
|
0-0: Foul Ball, location: 2F 0-1: Ball 1-1: Foul Ball, location: 2F 1-2: Ball 2-2: Ground out 4-3 (Groundball, 4)
|
Batting: SHB Francis Shaffer
|
0-0: Ball 1-0: SINGLE (Flyball, 8RS)
|
Batting: RHB Juan Vareas
|
0-0: Ball 1-0: Grounds into double play, 4-6-3 (Groundball, 4)
|
Top of the 3rd over - 0 run(s), 1 hit(s), 0 error(s), 0 left on base; West Palm 0 - Gainesville 2 |
BOTTOM OF THE 3RD |
Gainesville Guidos batting - Pitching for West Palm Reds : RHP Andy Hickey
|
Batting: LHB Mark Owens
|
0-0: Called Strike 0-1: Called Strike 0-2: SINGLE (Line Drive, 34)
|
Batting: RHB Adrian Prouse
|
0-0: Swinging Strike 0-1: Ball 1-1: Ball 2-1: Swinging Strike 2-2: Strikes out swinging
|
Batting: LHB António Hernández
|
0-0: Ball 1-0: Called Strike Mark Owens steals 2nd base 1-1: Ball 2-1: Ball 3-1: Foul Ball, location: 2F 3-2: Foul Ball, location: 2F 3-2: Foul Ball, location: 2F 3-2: Foul Ball, location: 2F 3-2: SINGLE (Groundball, 3L) Mark Owens to third
|
Batting: LHB Sergio Barrón
|
0-0: Called Strike 0-1: Ball 1-1: Ball 2-1: Ball 3-1: Called Strike 3-2: Base on Balls António Hernández to second
|
Batting: RHB José Fernández
|
0-0: Ball 1-0: Ball 2-0: Ball 3-0: Called Strike 3-1: Base on Balls Mark Owens scores António Hernández to third Sergio Barrón to second
|
Batting: LHB Ed Hart
|
0-0: Swinging Strike 0-1: Ball 1-1: Ball 2-1: Foul Ball, location: 2F 2-2: Strikes out swinging
|
Batting: RHB Noriyori Ine
|
0-0: Ball 1-0: Swinging Strike 1-1: Fly out, F7 (Flyball, 7LDF)
|
Bottom of the 3rd over - 1 run(s), 2 hit(s), 0 error(s), 3 left on base; West Palm 0 - Gainesville 3 |
TOP OF THE 4TH |
West Palm Reds batting - Pitching for Gainesville Guidos : RHP Ronald Adams
|
Batting: LHB Enrique Cortéz
|
0-0: Ball 1-0: Foul Ball, location: 2F 1-1: Fly out, F6 (Line Drive, 6)
|
Batting: LHB Jeff McKinney
|
0-0: Ball 1-0: Called Strike 1-1: Ball 2-1: DOUBLE (Line Drive, 7LS)
|
Batting: SHB Todd Smith
|
0-0: Ground out 4-3 (Groundball, 4) Jeff McKinney to third
|
Batting: RHB Jack Ray
|
0-0: Ground out 5-3 (Groundball, 56S)
|
Top of the 4th over - 0 run(s), 1 hit(s), 0 error(s), 1 left on base; West Palm 0 - Gainesville 3 |
BOTTOM OF THE 4TH |
Gainesville Guidos batting - Pitching for West Palm Reds : RHP Andy Hickey
|
Batting: RHB Satoru Daikawa
|
0-0: Ball 1-0: Fly out, F8 (Flyball, 8LD)
|
Batting: RHB Jason Saunders
|
0-0: Called Strike 0-1: Fly out, F5 (Line Drive, 56)
|
Batting: LHB Mark Owens
|
0-0: Foul Ball, location: 2F 0-1: Ball 1-1: Foul Ball, location: 2F 1-2: Ball 2-2: Ball 3-2: Foul Ball, location: 2F 3-2: Strikes out swinging
|
Bottom of the 4th over - 0 run(s), 0 hit(s), 0 error(s), 0 left on base; West Palm 0 - Gainesville 3 |
TOP OF THE 5TH |
West Palm Reds batting - Pitching for Gainesville Guidos : RHP Ronald Adams
|
Batting: LHB Jeff Doss
|
0-0: SINGLE (Line Drive, 6MD)
|
Batting: LHB Bill Smith
|
0-0: Swinging Strike 0-1: Foul Ball, location: 2F 0-2: Foul Ball, location: 2F 0-2: Ball 1-2: Strikes out looking
|
Batting: SHB Alex Hayes
|
0-0: Ball 1-0: Ball 2-0: Called Strike 2-1: Grounds into double play, 4-6-3 (Groundball, 34)
|
Top of the 5th over - 0 run(s), 1 hit(s), 0 error(s), 0 left on base; West Palm 0 - Gainesville 3 |
BOTTOM OF THE 5TH |
Gainesville Guidos batting - Pitching for West Palm Reds : RHP Andy Hickey
|
Batting: RHB Adrian Prouse
|
0-0: Ball 1-0: Ball 2-0: Foul Ball, location: 2F 2-1: Ball 3-1: Foul Ball, location: 2F 3-2: Strikes out swinging
|
Pitching: LHP Francisco Nieto
|
|
Batting: LHB António Hernández
|
0-0: Called Strike 0-1: Foul Ball, location: 2F 0-2: Strikes out swinging
|
Batting: LHB Sergio Barrón
|
0-0: Called Strike 0-1: Foul Ball, location: 2F 0-2: Ball 1-2: Ball 2-2: SINGLE (Groundball, 34D)
|
Batting: RHB José Fernández
|
0-0: Foul Ball, location: 2F 0-1: Ball 1-1: Ball 2-1: Called Strike 2-2: Ball 3-2: Foul Ball, location: 2F 3-2: Ground out 6-3 (Groundball, 6)
|
Bottom of the 5th over - 0 run(s), 1 hit(s), 0 error(s), 1 left on base; West Palm 0 - Gainesville 3 |
TOP OF THE 6TH |
West Palm Reds batting - Pitching for Gainesville Guidos : RHP Ronald Adams
|
Batting: SHB Francis Shaffer
|
0-0: Called Strike 0-1: Ball 1-1: Foul Ball, location: 2F 1-2: Foul Ball, location: 2F 1-2: SINGLE (Line Drive, 6M)
|
Batting: RHB Juan Vareas
|
0-0: Ball 1-0: Ball 2-0: SINGLE (Groundball, 6MD) Francis Shaffer to second
|
Batting: LHB Enrique Cortéz
|
0-0: Called Strike 0-1: Ball 1-1: SINGLE (Groundball, 56D) Francis Shaffer to third Juan Vareas to second Runner from 3rd tries for Home, SAFE, throw made home Juan Vareas to third Enrique Cortéz to second
|
Batting: LHB Jeff McKinney
|
0-0: Foul Ball, location: 2F 0-1: Ball 1-1: DOUBLE (Line Drive, 7LS) Juan Vareas scores Enrique Cortéz scores
|
Batting: SHB Todd Smith
|
0-0: Called Strike 0-1: Fly out, F4 (Popup, 4)
|
Batting: RHB Jack Ray
|
0-0: Called Strike 0-1: Swinging Strike 0-2: Ball 1-2: Ball 2-2: Ball 3-2: Foul Ball, location: 2F 3-2: Foul Ball, location: 2F 3-2: Base on Balls
|
Batting: LHB Jeff Doss
|
0-0: Called Strike Throwing error on steal attempt, E2 Jeff McKinney scores Jack Ray to third 0-1: Ball 1-1: Ball 2-1: Fly out, F8 (Flyball, 78M)
|
Batting: LHB Bill Smith
|
0-0: Ball 1-0: SINGLE (Groundball, 34D) Jack Ray scores
|
Batting: SHB Alex Hayes
|
0-0: Ball 1-0: Called Strike 1-1: Fly out, F8 (Flyball, 8RS)
|
Top of the 6th over - 5 run(s), 5 hit(s), 1 error(s), 1 left on base; West Palm 5 - Gainesville 3 |
BOTTOM OF THE 6TH |
Gainesville Guidos batting - Pitching for West Palm Reds : LHP Francisco Nieto
|
Batting: LHB Ed Hart
|
0-0: Ball 1-0: Ball 2-0: Ball 3-0: Called Strike 3-1: Base on Balls
|
Batting: RHB Noriyori Ine
|
0-0: Called Strike 0-1: Ball 1-1: Swinging Strike 1-2: Ball 2-2: Foul Ball, location: 2F 2-2: Ball 3-2: Foul Ball, location: 2F 3-2: Base on Balls Ed Hart to second
|
Batting: RHB Satoru Daikawa
|
0-0: Foul Ball, location: 2F 0-1: Ball 1-1: Grounds into double play, 4-6-3 (Groundball, 34) Ed Hart to third
|
Batting: RHB Jason Saunders
|
0-0: Ball 1-0: Ball 2-0: Ball 3-0: Base on Balls
|
Batting: LHB Mark Owens
|
0-0: Ball 1-0: Ball 2-0: Foul Ball, location: 2F 2-1: Foul Ball, location: 2F 2-2: Strikes out swinging
|
Bottom of the 6th over - 0 run(s), 0 hit(s), 0 error(s), 2 left on base; West Palm 5 - Gainesville 3 |
TOP OF THE 7TH |
West Palm Reds batting - Pitching for Gainesville Guidos : RHP Ronald Adams
|
Pitching: RHP Juan Patino
|
|
Batting: SHB Francis Shaffer
|
0-0: Called Strike 0-1: Ball 1-1: SINGLE (Line Drive, 4D)
|
Batting: RHB Juan Vareas
|
0-0: Bunted foul 0-1: Sac Bunt - play at first, batter OUT! 2-4 Francis Shaffer to second
|
Batting: LHB Enrique Cortéz
|
0-0: Ball 1-0: Foul Ball, location: 2F 1-1: Called Strike 1-2: Strikes out looking
|
Batting: LHB Jeff McKinney
|
0-0: Called Strike 0-1: Ball 1-1: Ground out 4-3 (Groundball, 4)
|
Top of the 7th over - 0 run(s), 1 hit(s), 0 error(s), 1 left on base; West Palm 5 - Gainesville 3 |
BOTTOM OF THE 7TH |
Gainesville Guidos batting - Pitching for West Palm Reds : LHP Francisco Nieto
|
Batting: RHB Adrian Prouse
|
0-0: Foul Ball, location: 2F 0-1: Swinging Strike 0-2: Strikes out swinging
|
Batting: LHB António Hernández
|
0-0: Called Strike 0-1: Reaches on Catchers interference
|
Pitching: RHP Carlos Gonzáles
|
|
Batting: LHB Sergio Barrón
|
Pickoff Throw to First - Error! E1 António Hernández to second 0-0: Ball 1-0: Foul Ball, location: 2F 1-1: Ball 2-1: Foul Ball, location: 2F 2-2: Fly out, F9 (Popup, 34D)
|
Batting: RHB José Fernández
|
0-0: Ball 1-0: Foul Ball, location: 2F 1-1: Called Strike 1-2: Ball 2-2: Ball 3-2: 2-RUN HOME RUN (Flyball, 7D), Distance : 375 ft
|
Batting: LHB Ed Hart
|
0-0: Ball 1-0: Called Strike 1-1: Ball 2-1: Ball 3-1: Foul Ball, location: 2F 3-2: Base on Balls
|
Pinch Hitting: LHB David Murphy
|
0-0: Swinging Strike 0-1: Foul Ball, location: 2F 0-2: Ball 1-2: SINGLE (Line Drive, 9LS) Ed Hart to second Runner from 2nd tries for 3rd, SAFE, throw made to third
|
Batting: RHB Satoru Daikawa
|
0-0: Foul Ball, location: 2F 0-1: Ball 1-1: Foul Ball, location: 2F 1-2: Ball 2-2: Ball 3-2: 3-RUN HOME RUN (Flyball, 78XD), Distance : 379 ft
|
Batting: RHB Jason Saunders
|
0-0: Ball 1-0: Foul Ball, location: 2F 1-1: Called Strike 1-2: Foul Ball, location: 2F 1-2: Ball 2-2: Foul Ball, location: 2F 2-2: Ball 3-2: Foul Ball, location: 2F 3-2: Base on Balls
|
Pitching: RHP Butch Ramey
|
|
Batting: LHB Mark Owens
|
0-0: Called Strike 0-1: Ball 1-1: Fielders Choice at 2nd, U6 (Groundball, 6M)
|
Bottom of the 7th over - 5 run(s), 3 hit(s), 2 error(s), 1 left on base; West Palm 5 - Gainesville 8 |
TOP OF THE 8TH |
West Palm Reds batting - Pitching for Gainesville Guidos : RHP Juan Patino
|
Now in LF: David Murphy
|
|
Batting: SHB Todd Smith
|
0-0: Ball 1-0: Foul Ball, location: 2F 1-1: Swinging Strike 1-2: Ball 2-2: Foul Ball, location: 2F 2-2: Strikes out looking
|
Batting: RHB Jack Ray
|
0-0: Ball 1-0: Called Strike 1-1: Ball 2-1: Swinging Strike 2-2: Strikes out swinging
|
Batting: LHB Jeff Doss
|
0-0: Foul Ball, location: 2F 0-1: Ball 1-1: Foul Ball, location: 2F 1-2: Ball 2-2: Ball 3-2: Foul Ball, location: 2F 3-2: Fly out, F8 (Line Drive, 8LS)
|
Top of the 8th over - 0 run(s), 0 hit(s), 0 error(s), 0 left on base; West Palm 5 - Gainesville 8 |
BOTTOM OF THE 8TH |
Gainesville Guidos batting - Pitching for West Palm Reds : RHP Butch Ramey
|
Batting: RHB Adrian Prouse
|
0-0: Called Strike 0-1: Ball 1-1: Ball 2-1: Foul Ball, location: 2F 2-2: Ball 3-2: Foul Ball, location: 2F 3-2: Strikes out swinging
|
Batting: LHB António Hernández
|
0-0: Called Strike 0-1: Ball 1-1: Foul Ball, location: 2F 1-2: Ball 2-2: Ball 3-2: Ground out 4-3 (Groundball, 4)
|
Batting: LHB Sergio Barrón
|
0-0: Foul Ball, location: 2F 0-1: Foul Ball, location: 2F 0-2: Ball 1-2: SINGLE (Line Drive, 7LS)
|
Batting: RHB José Fernández
|
0-0: Ball Wild Pitch! Sergio Barrón to second 1-0: Ball 2-0: Foul Ball, location: 2F 2-1: Ground out 4-3 (Groundball, 4)
|
Bottom of the 8th over - 0 run(s), 1 hit(s), 0 error(s), 1 left on base; West Palm 5 - Gainesville 8 |
TOP OF THE 9TH |
West Palm Reds batting - Pitching for Gainesville Guidos : RHP Juan Patino
|
Pitching: LHP Luis López
|
|
Now at 3B: Fernando Mendoza
|
|
Now in CF: Pedro Mata
|
|
Batting: LHB Bill Smith
|
0-0: Ball 1-0: Called Strike 1-1: Ball 2-1: Called Strike 2-2: Foul Ball, location: 2F 2-2: Strikes out swinging
|
Batting: SHB Alex Hayes
|
0-0: Swinging Strike 0-1: Fly out, F2 (Popup, 2RF)
|
Batting: SHB Francis Shaffer
|
0-0: Ball 1-0: Ball 2-0: Swinging Strike 2-1: Ball 3-1: Base on Balls
|
Batting: RHB Juan Vareas
|
0-0: Fielders Choice at 2nd, 5-4 (Groundball, 5)
|
Top of the 9th over - 0 run(s), 0 hit(s), 0 error(s), 0 left on base; West Palm 5 - Gainesville 8 |
|